AoeStats
← NatriumChloride

Lombardia

510136569Analyzed
3v3 RM · 3d ago on Sep 29, 2026· 49m 16s· 6 players
Game mode
Random Map
Map size
Normal (6 player)
Population
200
Speed
Normal
Resources
Standard
Victory
Conquest
Starting age
Dark Age
Ending age
Imperial Age
RankedLock teamsTeams togetherTeam positionsShared explorationLock speedFull tech treeHidden civsTurbo modeCheats
Victory
Defeat
🇨🇳 Saxons · China
1124
+11
🇳🇱 Varangians · Netherlands
1038
+14
🇳🇱 Tatars · Netherlands
1038
+15
🇪🇸 Italians · Spain
1033
-14
🇦🇷 Goths · Argentina
1020
-14
🇦🇷 Shu · Argentina
976
-12
ManuJejox
11:53 Feudal Age
12:19 Double-Bit Axe
14:42 Wheelbarrow
16:29 Horse Collar
19:45 Castle Age
18:21 Stone Mining
18:30 Gold Mining
21:19 Bow Saw
29:25 Imperial Age
29:12 Squires
29:16 Scale Mail Armor
29:26 Forging
29:51 Scale Barding Armor
29:17 Pikeman
30:42 Chain Mail Armor
30:19 Fletching
30:29 Padded Archer Armor
31:48 Two-Man Saw
31:08 Husbandry
32:45 Conscription
33:52 Iron Casting
34:14 Perfusion
34:19 Elite Huskarl
35:02 Anarchy
36:36 Hand Cart
38:35 Man-at-Arms
39:53 Bloodlines
40:59 Chain Barding Armor
40:26 Cavalier
40:41 Light Cavalry
43:51 Blast Furnace
42:13 Hussar
45:06 Loom
45:07 Town Watch
45:52 Bodkin Arrow
46:13 Leather Archer Armor
45:25 Halberdier
bananon1501915
5:20 Loom
11:02 Feudal Age
12:16 Horse Collar
12:22 Double-Bit Axe
16:42 Castle Age
15:34 Stone Mining
17:27 Gold Mining
26:04 Ballistics
25:25 Treadmill Crane
26:02 Heavy Plow
26:22 Bow Saw
27:55 Wheelbarrow
32:32 Hand Cart
33:23 Scale Barding Armor
33:20 Padded Archer Armor
37:29 Imperial Age
39:21 Conscription
40:04 Bolt Magazine
41:18 Two-Man Saw
40:54 Gold Shaft Mining
41:23 Chemistry
40:03 Treadmill Crane
40:50 Chain Barding Armor
42:14 Husbandry
Elgato8153
4:56 Loom
10:26 Feudal Age
15:30 Castle Age
13:24 Double-Bit Axe
14:56 Horse Collar
18:06 Bow Saw
18:38 Heavy Plow
22:08 Man-at-Arms
23:01 Scale Mail Armor
23:07 Fletching
23:19 Padded Archer Armor
28:57 Scale Barding Armor
29:03 Forging
30:25 Leather Archer Armor
30:05 Bodkin Arrow
35:55 Thumb Ring
37:07 Chain Barding Armor
36:51 Husbandry
37:39 Bloodlines
40:39 Wheelbarrow
39:52 Town Watch
且听风语
11:20 Feudal Age
16:17 Castle Age
16:44 Scale Mail Armor
16:33 Double-Bit Axe
20:25 Forging
21:03 Squires
21:11 Gambesons
24:24 Fletching
26:41 Chain Mail Armor
29:35 Iron Casting
31:11 Bodkin Arrow
33:45 Bow Saw
37:04 Imperial Age
35:55 Horse Collar
36:08 Gold Mining
36:09 Stone Mining
36:11 Arson
39:21 Conscription
40:40 Elite Varangian Guard
43:14 Heavy Plow
46:49 Two-Man Saw
46:54 Plate Mail Armor
48:06 Shield Wall
ToipperHero
7:13 Loom
10:56 Feudal Age
13:10 Double-Bit Axe
15:28 Castle Age
15:12 Horse Collar
17:54 Bow Saw
23:56 Bloodlines
28:18 Wheelbarrow
28:03 Gold Mining
28:03 Stone Mining
28:33 Husbandry
29:30 Forging
29:26 Scale Barding Armor
33:19 Iron Casting
33:05 Chain Barding Armor
36:40 Imperial Age
33:41 Vendel Legacy
36:09 Scale Mail Armor
37:18 Cavalier
38:00 Scale Mail Armor
39:00 Blast Furnace
38:44 Plate Barding Armor
38:37 Conscription
40:51 Conscription
40:21 Elite Jarl
46:59 Hand Cart
NatriumChloride
7:13 Loom
11:55 Feudal Age
15:41 Castle Age
13:35 Double-Bit Axe
16:49 Bow Saw
19:13 Horse Collar
19:58 Fletching
21:04 Wheelbarrow
20:43 Bodkin Arrow
22:32 Padded Archer Armor
23:53 Leather Archer Armor
24:05 Husbandry
24:39 Bloodlines
26:46 Hand Cart
27:09 Ballistics
28:17 Gold Mining
28:20 Stone Mining
38:04 Imperial Age
37:24 Gold Shaft Mining
37:01 Masonry
36:33 Treadmill Crane
37:05 Silk Armor
39:02 Siege Engineers
39:06 Bracer
39:59 Heavy Cavalry Archer
43:03 Conscription
43:47 Ring Archer Armor
44:26 Chemistry
44:05 Timurid Siegecraft
Connection lost

Rejoining the realm…

Still unreachable

The connection could not be restored.

Session expired

The server has moved on; the page needs a fresh start.